 Dungeon Crawl Stone Soup version 0.29-a0-330-g52719c12eb (webtiles) character file.

Game seed: 17599798279000145270

355 kae the Changer (level 6, -3/60 HPs)
             Began as a Draconian Transmuter on Apr 19, 2022.
             Slain by Edmund
             ... wielding a +2 flail of protection
              (8 damage)
             ... on level 4 of the Dungeon.
             The game lasted 00:03:43 (4253 turns).

kae the Changer (Draconian Transmuter)              Turns: 4253, Time: 00:03:44

Health: -3/60      AC:  6    Str: 13    XL:     6   Next: 36%
Magic:  10/10      EV: 10    Int: 15    God:
Gold:   240        SH:  0    Dex: 11    Spells: 3/11 levels left

rFire   x . .      SeeInvis .     - Unarmed
rCold   + + +      Faith    .   (shield currently unavailable)
rNeg    . . .      Spirit   .   (body armour unavailable)
rPois   +          Reflect  .   (helmet currently unavailable)
rElec   .          Harm     .   (cloak currently unavailable)
rCorr   .          Rampage  .   (gloves currently unavailable)
Will    .....                   (boots currently unavailable)
Stlth   +.........              (no amulet)
HPRegen 0.20/turn               (no ring)
MPRegen 0.12/turn               (no ring)

@: ice-form (expiring), flying
A: freezing attack, amphibious, boosted hp, AC +6, large, unfitting armour,
(cold-blooded)
a: End Transformation


You were on level 4 of the Dungeon.
You were a creature of crystalline ice.
You visited 1 branch of the dungeon, and saw 4 of its levels.

You collected 240 gold pieces.

Inventory:

Hand Weapons
 c - a +2 short sword of flaming
Jewellery
 m - a ring of fire
 p - a ring of fire
Wands
 d - a wand of acid (9)
 n - a wand of iceblast (12)
Scrolls
 b - 2 scrolls of immolation
 g - a scroll of amnesia
Potions
 a - a potion of degeneration
 f - 2 potions of flight
 h - 2 potions of curing
 j - 2 potions of lignification


   Skills:
 + Level 2.7 Fighting
 + Level 2.8 Dodging
 + Level 3.8 Unarmed Combat
 + Level 3.0 Spellcasting
 * Level 3.8 Transmutations
 * Level 1.0 Ice Magic
 - Level 2.0 Poison Magic


You had 3 spell levels left.
You knew the following spells:

 Your Spells              Type           Power      Damage    Failure   Level
a - Beastly Appendage     Tmut           26%        N/A       4%          1
b - Spider Form           Tmut/Pois      11%        N/A       19%         3
c - Ice Form              Ice/Tmut       9%         N/A       58%         4

Your spell library contained the following spells:

 Spells                   Type           Power      Damage    Failure   Level
 Wereblood                Tmut           13%        N/A       6%          2


Dungeon Overview and Level Annotations

Branches:
Dungeon (4/15)
 Temple: D:4-7

Altars:

Annotations:
D:4 Edmund


Innate Abilities, Weirdness & Mutations

You are a creature of crystalline ice.
You have a powerful freezing melee attack.
You are amphibious.
Your maximum health is increased.
Your armour is entirely melded.
You are incapable of wielding weapons or throwing items.
((Your plain brown scales are hard. (AC +6)))
You cannot fit into any form of body armour.
((You are cold-blooded and may be slowed by cold attacks.))


Message History

Edmund is moderately wounded.
The iguana completely misses you.
Edmund hits you with a +2 flail of protection!
* * * LOW HITPOINT WARNING * * *
You hit Edmund. You freeze Edmund.
Edmund is moderately wounded.
The iguana closely misses you.
Edmund hits you with a +2 flail of protection.
* * * LOW HITPOINT WARNING * * *
Edmund attacks as you move away! Edmund barely misses you.
Edmund attacks as you move away!
Edmund hits you with a +2 flail of protection!
* * * LOW HITPOINT WARNING * * *
Okay, then.
It was a potion of flight.
You feel very buoyant.
You fly up into the air.
Edmund hits you with a +2 flail of protection.
* * * LOW HITPOINT WARNING * * *
It was a potion of curing.
You feel better.
Edmund hits you with a +2 flail of protection!
* * * LOW HITPOINT WARNING * * *
It was a potion of magic.
Magic courses through your body. Edmund hits you but does no damage.
Aiming: Corrosive Bolt
Press: ? - help, Shift-Dir - straight line, f - Edmund
Aim: Edmund, wielding a +2 flail of protection and wearing a +0 leather armour (moderately wounded, 71% to hit)
The bolt of acid misses Edmund.
The bolt of acid hits the iguana!
The iguana is almost dead.
Edmund closely misses you.
Aiming: Corrosive Bolt
Press: ? - help, Shift-Dir - straight line, f/p - Edmund
Aim: Edmund, wielding a +2 flail of protection and wearing a +0 leather armour (moderately wounded, 71% to hit)
The bolt of acid hits Edmund.
The acid corrodes Edmund!
Edmund is heavily wounded.
The bolt of acid hits the iguana!
The acid corrodes the iguana!
You kill the iguana!
Your transformation is almost over.
Edmund hits you with a +2 flail of protection!
You die...

#.############ #............#
##### .....#######.# #)..#
##..#.#######.#######.#.#
...... ..##....Y@†...#.####
#..#.# #.##..####....#....#
##..#.# #.##..###...###....#
...†#.# #..................##
###<#.# #.##..###.....).....#
###.#.# #.#.........#.......#
#.....###.....######........#
#.#.####......# #.......##
#.#...)..#....# ###.......


You could see Edmund (corroded).

Vanquished Creatures
  An ogre (D:4)
  2 hounds (D:4)
  An iguana (D:4)
  Ijyb (D:4)
  Natasha (thrice) (D:2)
  5 adders
  2 dart slugs
  6 endoplasms
  4 giant cockroaches
  11 goblins
  6 hobgoblins
  A jackal (D:3)
  7 kobolds
  A quokka (D:1)
  6 ball pythons
  4 bats
  6 frilled lizards
  4 rats
71 creatures vanquished.

Notes
Turn   | Place    | Note
-------+----------+-------------------------------------------
     0 | D:1      | kae the Draconian Transmuter began the quest for the Orb.
     0 | D:1      | Reached XP level 1. HP: 16/16 MP: 3/3
   161 | D:1      | Reached XP level 2. HP: 13/23 MP: 5/5
   961 | D:2      | Reached XP level 3. HP: 9/29 MP: 6/6
   980 | D:2      | Learned a level 3 spell: Spider Form
  2035 | D:2      | Reached XP level 4. HP: 32/36 MP: 7/7
  2128 | D:2      | Noticed Natasha
  2140 | D:2      | Killed Natasha
  2141 | D:2      | Noticed Natasha
  2150 | D:2      | Killed Natasha
  2419 | D:2      | Found a faded altar of an unknown god.
  2558 | D:2      | Noticed Natasha
  2567 | D:2      | Killed Natasha
  2568 | D:2      | Reached skill level 1 in Poison Magic
  2568 | D:2      | Reached XP level 5. HP: 36/41 MP: 4/8
  3101 | D:2      | Found a faded altar of an unknown god.
  4004 | D:4      | Learned a level 4 spell: Ice Form
  4131 | D:4      | Noticed an ogre
  4140 | D:4      | Killed an ogre
  4141 | D:4      | Reached XP level 6. HP: 50/50 MP: 6/10
  4192 | D:4      | Noticed Ijyb
  4230 | D:4      | Noticed Edmund
  4236 | D:4      | Killed Ijyb
  4237 | D:4      | Reached skill level 1 in Ice Magic
  4253 | D:4      | Slain by Edmund

Illustrated notes

Levels and vault maps discovered:
D:1:      minmay_arrival_loop, layout_rooms
D:2:      kennysheep_the_goblin_king, layout_basic,
          shapermc_ecumenical_altar_ellora, minmay_pentomino_w2, uniq_natasha
D:3:      minmay_razor_zed, layout_rooms
D:4:      layout_loops_ring, uniq_edmund, uniq_robin, uniq_ijyb

Skill      XL: |  1  2  3  4  5  6 |
---------------+-------------------+-----
Dodging        | 2 |  2.8
Fighting       | 2 |  2.7
Transmutations | 3 |  3.8
Poison Magic   | 1 2 |  2.0
Spellcasting   | 3 |  3.0
Ice Magic      | 1 |  1.0
Unarmed Combat | |  3.8

Action                   |  1- 3 |  4- 6 || total
-------------------------+-------+-------++-------
Melee: Unarmed           |   136 |   104 ||   240
       Kick              |    16 |     9 ||    25
       Tailslap          |    10 |    11 ||    21
       Headbutt          |     8 |     5 ||    13
       Punch             |     1 |     1 ||     2
 Cast: Beastly Appendage |    25 |    11 ||    36
       Spider Form       |       |     5 ||     5
       Ice Form          |       |     1 ||     1
Evoke: Wand              |       |     2 ||     2
  Use: Potion            |     2 |     4 ||     6
       Scroll            |     2 |     6 ||     8
 Stab: Sleeping          |       |     1 ||     1
Armor: Skin              |    47 |    25 ||    72
Dodge: Dodged            |    83 |    60 ||   143

Table legend: (Time is in decaauts)
 A = Elapsed time spent in this place.
 B = Non-inter-level travel time spent in this place.
 C = Inter-level travel time spent in this place.
 D = Time resting spent in this place.
 E = Time spent auto-exploring this place.
 F = Levels seen in this place.
 G = Mean time per level.
                   A        B        C        D        E       F      G
               +--------+--------+--------+--------+--------+-----+--------+
         Total |   4243 |   4024 |    219 |    149 |   3278 |   4 | 1060.8 |
       Dungeon |   4243 |   4024 |    219 |    149 |   3278 |   4 | 1060.8 |
               +--------+--------+--------+--------+--------+-----+--------+

Top non-repeatable levels by time:
     D:2: 2330 daAuts
     D:1: 904 daAuts
     D:3: 721 daAuts
     D:4: 288 daAuts
